 Dungeon Crawl Stone Soup version 0.30-a0-782-ge64f9170bb (webtiles) character file.

Game seed: 8161500390002359181

234 mistaj the Shield-Bearer (level 6, -2/40 HPs)
             Began as a Gargoyle Fighter on Feb 18, 2023.
             Slain by an iguana (6 damage)
             ... on level 4 of the Dungeon.
             The game lasted 00:03:00 (2832 turns).

mistaj the Shield-Bearer (Gargoyle Fighter)         Turns: 2832, Time: 00:03:00

Health: -2/40      AC: 13    Str: 22    XL:     6   Next: 5%
Magic:  6/6        EV:  9    Int:  8    God:
Gold:   199        SH:  4    Dex:  9    Spells: 5/5 levels left

rFire   . . .      SeeInvis .    a - +0 war axe
rCold   . . .      Faith    .    c - +0 buckler
rNeg    + . .      Spirit   .    b - +0 scale mail
rPois   ∞          Reflect  .    (no helmet)
rElec   +          Harm     .    s - +0 cloak
rCorr   .          Rampage  .    (no gloves)
Will    .....                    n - +0 pair of boots Stlth
                                 (no amulet)
HPRegen 0.26/turn                (no ring)
MPRegen 0.10/turn                (no ring)

@: no status effects
A: sickness immunity, AC +4, negative energy resistance 1, electricity
resistance, torment resistance 1, petrification resistance
a: no special abilities


You were on level 4 of the Dungeon.
You visited 1 branch of the dungeon, and saw 4 of its levels.

You collected 199 gold pieces.

Inventory:

Hand Weapons
 a - a +0 war axe (weapon)
Armour
 b - a +0 scale mail (worn)
 c - a +0 buckler (worn)
 n - a +0 pair of boots (worn)
 s - a +0 cloak (worn)
Scrolls
 e - 3 scrolls of poison {unknown}
 g - a scroll of teleportation {unknown}
 h - 3 scrolls of identify {unknown}
 i - a scroll of vulnerability {unknown}
 j - a scroll of magic mapping {unknown}
 k - 2 scrolls of blinking {unknown}
 l - 2 scrolls of noise {unknown}
 p - 2 scrolls of amnesia {unknown}
 q - a scroll of brand weapon {unknown}
 v - 2 scrolls of enchant weapon {unknown}
 y - a scroll of immolation {unknown}
Potions
 d - 2 potions of might
 f - 2 potions of berserk rage {unknown}
 m - 2 potions of ambrosia {unknown}
 o - 2 potions of lignification {unknown}
 r - a potion of brilliance {unknown}
 t - a potion of mutation {unknown}
 u - a potion of degeneration {unknown}
 w - a potion of magic {unknown}
 x - a potion of resistance {unknown}


   Skills:
 + Level 4.9 Fighting
 + Level 3.4 Axes
 - Level 3.2 Armour
 + Level 4.9 Shields


You had 5 spell levels left.
You didn't know any spells.
Your spell library was empty.

Dungeon Overview and Level Annotations

Branches:
Dungeon (4/15)
 Temple: D:4-7

Altars:

Shops:
D:3 :


Innate Abilities, Weirdness & Mutations

You are immune to sickness and miasma.
Your stone body is resilient. (AC +4)
You are immune to poison.
You resist negative energy. (rN+)
You are resistant to electric shocks. (rElec)
You are resistant to unholy torment.
You are immune to petrification.


Message History

You completely miss the iguana. The iguana barely misses you.
You barely miss the iguana.
The iguana bites you but does no damage. x2
You hit the iguana.
The iguana is moderately wounded.
You block the iguana's attack.
You closely miss the iguana.
The iguana is moderately wounded.
The iguana bites you but does no damage.
You closely miss the iguana.
The iguana is moderately wounded.
The iguana misses you. The iguana completely misses you.
You hit the iguana.
The iguana is moderately wounded.
You block the iguana's attack.
You hit the iguana.
The iguana is heavily wounded.
The iguana bites you.
You barely miss the iguana.
The iguana is heavily wounded.
The iguana barely misses you. The iguana bites you!
You are too injured to fight recklessly!
You are too injured to fight recklessly!
You are too injured to fight recklessly!
You are too injured to fight recklessly!
You hit the iguana.
The iguana is severely wounded.
The iguana bites you.
You hit the iguana but do no damage.
The iguana is severely wounded.
The iguana bites you but does no damage.
The iguana barely misses you.
You hit the iguana but do no damage.
The iguana is severely wounded.
The iguana bites you!
* * * LOW HITPOINT WARNING * * *
You barely miss the iguana.
The iguana is severely wounded.
The iguana bites you.
You die...

#.# #.#.### #.#
#.#.# ##'##
#.#.####.# #...##
#........# .....##
###.###### ......##
##..#
.......####...##
.......+.......####
.......##.......@.#
...<..###.##..###l#
.....## #.###.# .#
#...## #.###.# .#
##'## #.##..# .#
#.# #.##.## .# #.#
#.##<# .#
##.######.##.####.#
#......##...(.....#


You could see an iguana.

Vanquished Creatures
  2 scorpions
  A jelly (D:4)
  An adder (D:2)
  An ufetubus (D:3)
  2 worms (D:2)
  2 dart slugs (D:1)
  8 orcs
  4 endoplasms
  2 giant cockroaches (D:1)
  8 goblins
  4 hobgoblins
  4 quokkas
  5 ball pythons
  5 bats
  2 frilled lizards
  4 kobolds
  7 rats
62 creatures vanquished.

Notes
Turn   | Place    | Note
-------+----------+-------------------------------------------
     0 | D:1      | mistaj the Gargoyle Fighter began the quest for the Orb.
     0 | D:1      | Reached XP level 1. HP: 14/14 MP: 1/1
   109 | D:1      | Reached XP level 2. HP: 19/19 MP: 2/2
   528 | D:1      | Reached XP level 3. HP: 19/24 MP: 3/3
  1349 | D:2      | Reached XP level 4. HP: 29/29 MP: 4/4
  1860 | D:3      | Found Xacuex's Book Boutique.
  2409 | D:4      | Noticed a scorpion
  2503 | D:3      | Killed a scorpion
  2504 | D:3      | Reached XP level 5. HP: 12/34 MP: 5/5
  2723 | D:4      | Reached XP level 6. HP: 32/40 MP: 6/6
  2832 | D:4      | Slain by an iguana

Illustrated notes

Levels and vault maps discovered:
D:1:      ebering_trefoil_twist, layout_basic, minmay_bisected
D:2:      layout_basic, kennysheep_boxes
D:3:      layout_basic, serial_shops,
          nicolae_shop_temple_entry_statues_fountains, minmay_misc_feat_iff
D:4:      layout_loops_corners, elyvilon_altar_3, gammafunk_ghost_grave,
          uniq_pikel

Skill      XL: |  1  2  3  4 |
---------------+-------------+-----
Axes           | 2 3 |  3.4
Fighting       | 4 |  4.9
Shields        | 4 |  4.9
Armour         | |  3.2

Action                     |  1- 3 |  4- 6 || total
---------------------------+-------+-------++-------
  Melee: War axe           |    94 |    95 ||   189
 Armour: Scale mail        |    60 |    60 ||   120
  Dodge: Dodged            |    43 |    57 ||   100
  Block: Buckler           |    26 |    25 ||    51

Table legend: (Time is in decaauts)
 A = Elapsed time spent in this place.
 B = Non-inter-level travel time spent in this place.
 C = Inter-level travel time spent in this place.
 D = Time resting spent in this place.
 E = Time spent auto-exploring this place.
 F = Levels seen in this place.
 G = Mean time per level.
                   A        B        C        D        E       F      G
               +--------+--------+--------+--------+--------+-----+--------+
         Total |   2911 |   2825 |     86 |    469 |   1753 |   4 |  727.8 |
       Dungeon |   2911 |   2825 |     86 |    469 |   1753 |   4 |  727.8 |
               +--------+--------+--------+--------+--------+-----+--------+

Top non-repeatable levels by time:
     D:3: 1116 daAuts
     D:2: 837 daAuts
     D:1: 770 daAuts
     D:4: 188 daAuts
